 Dungeon Crawl Stone Soup version 0.28-a0-863-g8cecda6153 (webtiles) character file.

Game seed: 12409422620611716637

30608 swappor the Severer (level 13, -5/118 HPs)
             Began as a Minotaur Berserker on Nov 18, 2021.
             Was an Elder of Trog.
             Slain by a salamander (10 damage)
             ... in a volcano on Nov 19, 2021.
             The game lasted 01:19:52 (18049 turns).

swappor the Severer (Minotaur Berserker)           Turns: 18049, Time: 01:19:53

Health: -5/118     AC: 22    Str: 32    XL:     13   Next: 21%
Magic:  21/21      EV: 13    Int:  1    God:    Trog [****..]
Gold:   920        SH:  0    Dex: 11    Spells: 12/12 levels left

rFire   . . .      SeeInvis .   a - +1 war axe
rCold   + + .      Faith    +   (no shield)
rNeg    . . .      Spirit   .   u - +8 chain mail "Haasule" {rC+ MP+9 Int-3}
rPois   .          Reflect  .   f - +1 hat {Will+}
rElec   .          Harm     .   (no cloak)
rCorr   .          Rampage  .   (no gloves)
Will    +++..                   l - +0 pair of boots
Stlth   ..........              j - amulet of faith
HPRegen 1.29/turn               e - ring of protection from cold
MPRegen 0.17/turn               z - +6 ring of strength

@: strong-willed, regenerating
A: horns 2, retaliatory headbutt
a: Renounce Religion, Berserk, Trog's Hand, Brothers in Arms


You were in a volcano.
You worshipped Trog.
Trog was greatly pleased with you.
You visited 3 branches of the dungeon, and saw 15 of its levels.
You also visited: Volcano.

You collected 1088 gold pieces.
You spent 168 gold pieces at shops.

Inventory:

Hand Weapons
 a - a +1 war axe (weapon)
Missiles
 c - 381 stones
 d - 4 throwing nets
 g - 102 poisoned darts (quivered)
Armour
 f - a +1 hat of willpower (worn)
 h - a +2 scale mail of fire resistance
 l - a +0 pair of boots (worn)
 u - the +8 chain mail "Haasule" (worn) {rC+ MP+9 Int-3}
   (You took it off an orc warrior on level 10 of the Dungeon)

   Int:       It affects your intelligence (-3).
   rC:        It protects you from cold.
   MP:        It affects your magic capacity (+9).
 K - a +0 chain mail of cold resistance
Jewellery
 e - a ring of protection from cold (left hand)
 j - an amulet of faith (around neck)
 y - a ring of protection from fire
 z - a +6 ring of strength (right hand)
 H - a +6 ring of dexterity
 I - a +6 ring of dexterity
 J - a ring of poison resistance
 R - a ring of magical power
Wands
 i - a wand of acid (5)
 C - a wand of flame (73)
 E - a wand of iceblast (37)
 Q - a wand of polymorph (12)
Scrolls
 b - a scroll of holy word {unknown}
 n - 2 scrolls of fog
 o - 4 scrolls of teleportation
 p - a scroll of summoning {unknown}
 q - 2 scrolls of enchant weapon
 r - a scroll of acquirement {unknown}
 w - 2 scrolls of magic mapping
 A - 2 scrolls of immolation
 B - 2 scrolls of blinking {unknown}
 F - 2 scrolls of silence {unknown}
 G - a scroll of amnesia {unknown}
 L - 3 scrolls of identify
 M - a scroll of fear {unknown}
 P - a scroll of torment {unknown}
Potions
 k - 5 potions of haste
 m - a potion of invisibility
 s - 2 potions of resistance
 t - a potion of flight
 v - a potion of ambrosia
 x - 2 potions of heal wounds
 D - 3 potions of curing
 O - a potion of lignification {unknown}
 T - a potion of might
Miscellaneous
 N - a box of beasts
 S - a condenser vane


   Skills:
 + Level 12.2 Fighting
 * Level 16.5 Axes
 + Level 11.8 Armour
 + Level 10.9 Dodging
 + Level 6.9 Evocations


You had 12 spell levels left.
You didn't know any spells.
Your spell library was empty.

Dungeon Overview and Level Annotations

Branches:
Dungeon (10/15)            Temple (1/1) D:4            Lair (4/6) D:10
 Shoals (0/4) Lair:2        Snake (0/4) Lair:3      Volcano (1/1)
    Orc: D:9-12

Altars:
Ashenzari
Cheibriados
Dithmenos
Elyvilon
Fedhas
Gozag
Hepliaklqana
Kikubaaqudgha
Makhleb
Nemelex Xobeh
Okawaru
Qazlal
Ru
Sif Muna
Trog
Uskayaw
Vehumet
Wu Jian
Xom
Yredelemnul
Zin
The Shining One

Shops:
D:2 *   D:6 =:   D:7 !   D:9 (


Innate Abilities, Weirdness & Mutations

You have a pair of horns on your head.
You reflexively headbutt those who attack you in melee.


Message History

The hell hog is severely wounded.
The hell hog bites you!
You closely miss the hell hog.
The hell hog is heavily wounded.
The salamander hits you but does no damage.
The hell hog breathes fire at you.
The fireball explodes!
The fireball engulfs you!!
The fireball engulfs the hell hog.
The hell hog completely resists.
Your skin crawls.
You feel strong-willed.
The hell hog bites you but does no damage.
The salamander hits you but does no damage.
You barely miss the hell hog.
The hell hog is heavily wounded.
The hell hog bites you but does no damage.
The salamander hits you but does no damage.
You slice the hell hog!!
The hell hog is almost dead.
The hell hog bites you. The salamander misses you.
You closely miss the hell hog. Your headbutt misses the hell hog.
The hell hog is almost dead.
The hell hog closely misses you.
You slice the hell hog!!
You kill the hell hog!
Trog accepts your kill.
The centaur shoots an arrow.
The arrow hits you but does no damage.
The salamander hits you from afar with a +3 trident of flaming.
You are engulfed in flames!
The salamander burns you.
You hit the salamander but do no damage.
The salamander hits you with a +0 trident.
You are engulfed in flames!
* * * LOW HITPOINT WARNING * * *
The salamander misses you.
The salamander hits you from afar with a +0 trident!
* * * LOW HITPOINT WARNING * * *
You are engulfed in flames!
* * * LOW HITPOINT WARNING * * *
You fail to use your ability.
The salamander hits you from afar with a +0 trident!
You die...

≈≈≈≈≈≈.≈≈≈≈≈≈≈≈.≈≈≈.≈≈.≈
##....^^^......^.....
##....##+##...#####...
###'#..## ##.## ..##
#∩#.#..# #.# ...#
#∩#.#..# #.# ...#
##.##..## ##.## N.# #
####...#####...##N##...#
#...........@........
§≈≈≈§≈≈.≈≈≈≈.≈..≈§≈.≈≈..
§≈≈≈≈§§≈≈§.≈.≈.≈.≈≈≈.≈.§≈
§≈≈≈≈§§≈≈§§§≈≈§§§§≈≈≈≈≈≈≈
≈§§≈≈≈§≈≈§≈≈≈≈§§§≈§≈§§§§≈
≈≈§§§§≈≈§≈≈≈≈≈≈≈≈≈≈§§§≈≈§
≈≈#§≈§≈§≈≈#§§≈≈§≈≈§§≈§#§§
§§#≈#§#≈#≈#≈#≈#≈§§§≈#§


You could see a salamander.

Vanquished Creatures
  Gastronok (D:10)
  Harold (D:8)
  3 hydras
  A centaur warrior (D:10)
  Erica (D:8)
  3 two-headed ogres
  A hell hog (Volcano)
  Sonja (D:10)
  4 lindwurms (Lair:2)
  3 elephants (Lair:4)
  A black mamba (Lair:1)
  5 cane toads
  A torpor snail (Lair:1)
  5 rime drakes
  A komodo dragon (Lair:2)
  2 trolls (D:10)
  A hornet (D:7)
  9 blink frogs (Lair:3)
  Grinder (D:5)
  Prince Ribbit (D:6)
  15 yaks (D:10)
  6 wyverns
  2 basilisks
  Menkaure (D:6)
  4 steam dragons
  6 nagas (Lair:3)
  10 water moccasins
  An acid dragon (D:9)
  2 orc warriors
  3 sky beasts
  A hornet zombie (D:8)
  3 black bears
  A necrophage (D:5)
  3 wolves (Lair:1)
  3 ogres
  The ghost of croobank the Sneak, an amateur HuDe of Makhleb (D:4)
  A centaur (D:9)
  4 kobold brigands
  6 bullfrogs
  A water moccasin zombie (D:5)
  2 scorpions
  A wyvern skeleton (D:7)
  A wyvern zombie (D:6)
  A howler monkey (D:4)
  A bullfrog zombie (D:5)
  4 orc priests
  3 centaur zombies
  4 jellies
  5 hounds
  A bullfrog skeleton (D:5)
  A centaur skeleton (D:4)
  2 gnoll shamans (D:8)
  3 iguanas
  10 orc wizards
  A killer bee zombie (D:6)
  3 hound skeletons (D:4)
  11 adders
  8 gnolls
  3 howler monkey skeletons
  A white imp (D:8)
  2 ufetubi
  An adder skeleton (D:2)
  2 worms
  2 dart slugs
  37 orcs
  19 endoplasms
  4 giant cockroaches
  7 goblins
  6 hobgoblins
  4 jackals
  25 kobolds
  6 quokkas
  5 ball pythons
  A ball python skeleton (D:2)
  A ball python zombie (D:2)
  2 frilled lizards (D:3)
  5 rats
315 creatures vanquished.

Vanquished Creatures (collateral kills)
  2 oklob plants
2 creatures vanquished.

Vanquished Creatures (others)
  5 bushes (D:10)
  23 fungi
  52 plants
80 creatures vanquished.

Grand Total: 397 creatures vanquished

Notes
Turn   | Place    | Note
-------+----------+-------------------------------------------
     0 | D:1      | swappor the Minotaur Berserker began the quest for the Orb.
     0 | D:1      | Reached XP level 1. HP: 19/19 MP: 0/0
   168 | D:1      | Reached XP level 2. HP: 20/27 MP: 1/1
   252 | D:1      | Reached skill level 4 in Axes
   746 | D:1      | Reached ** piety under Trog
  1283 | D:2      | Reached XP level 3. HP: 24/33 MP: 2/2
  1567 | D:2      | Found Ecyi's Assorted Antiques.
  2365 | D:3      | Reached XP level 4. HP: 34/40 MP: 3/3
  2773 | D:3      | Reached skill level 5 in Axes
  2938 | D:3      | Reached XP level 5. HP: 47/47 MP: 4/4
  3002 | D:4      | Found a shimmering blue altar of Sif Muna.
  3041 | D:4      | Noticed croobank's ghost (amateur HuDe)
  3044 | D:4      | Found a runed translucent gate.
  3045 | D:4      | Found a runed translucent gate.
  3045 | D:4      | Found a runed translucent gate.
  3080 | D:4      | Reached *** piety under Trog
  3697 | D:4      | Reached XP level 6. HP: 55/55 MP: 5/5
  3798 | D:4      | Reached skill level 6 in Axes
  3838 | D:4      | Reached skill level 5 in Fighting
  4218 | D:4      | Found a staircase to the Ecumenical Temple.
  4381 | D:4      | Reached XP level 7. HP: 61/61 MP: 6/6
  4392 | D:4      | Killed croobank's ghost
  4422 | D:4      | Reached skill level 7 in Axes
  4556 | Temple   | Entered the Ecumenical Temple
  4819 | D:5      | Entered Level 5 of the Dungeon
  4834 | D:5      | Noticed Grinder
  4834 | D:5      | Paralysed by Grinder for 3 turns
  4854 | D:5      | Killed Grinder
  4855 | D:5      | Reached skill level 5 in Armour
  5192 | D:5      | Reached XP level 8. HP: 67/70 MP: 7/7
  5255 | D:5      | Reached skill level 8 in Axes
  5255 | D:5      | Reached skill level 5 in Dodging
  5421 | D:5      | Noticed a +0 short sword
  5422 | D:5      | Noticed a +0 falchion
  5423 | D:5      | Noticed a +0 spear
  5423 | D:5      | Noticed a +0 spear
  5423 | D:5      | Noticed a +0 short sword
  5424 | D:5      | Noticed a +0 dagger
  5424 | D:5      | Noticed a +0 falchion
  5424 | D:5      | Noticed a +0 dagger
  5433 | D:5      | Found a hide-covered altar of Uskayaw.
  5810 | D:6      | Noticed Prince Ribbit
  5881 | D:6      | Reached skill level 9 in Axes
  5881 | D:6      | Killed Prince Ribbit
  5935 | D:6      | Noticed Menkaure
  6171 | D:6      | Killed Menkaure
  6172 | D:6      | Reached XP level 9. HP: 79/79 MP: 8/8
  6251 | D:6      | Reached skill level 10 in Axes
  6258 | D:6      | Identified the +3 hand axe "Waddipn" {flame, rPois rN+
                  | Int-4}
  6413 | D:6      | Reached **** piety under Trog
  6446 | D:6      | Noticed an oklob plant
  6775 | D:6      | Found Eminema's Self-Improvement Boutique.
  6923 | D:6      | Found Uvac's Jewellery Emporium.
  6949 | D:6      | You fall into a shaft and drop 2 floors!
  7228 | D:7      | Paralysed by a hornet for 2 turns
  7477 | D:7      | Reached skill level 11 in Axes
  7487 | D:7      | Reached skill level 1 in Evocations
  7833 | D:7      | Found Wila's Distillery.
  7842 | D:7      | Bought a potion of heal wounds for 60 gold pieces
  7842 | D:7      | Bought a potion of mutation for 96 gold pieces
  7842 | D:7      | Bought a potion of degeneration for 12 gold pieces
  7943 | D:6      | Reached skill level 13 in Axes
  7943 | D:6      | Reached XP level 10. HP: 93/93 MP: 9/9
  7955 | D:6      | Killed an oklob plant
  8220 | D:8      | Reached XP level 11. HP: 93/99 MP: 10/10
  8484 | D:8      | Noticed Harold
  8498 | D:8      | Killed Harold
  8499 | D:8      | Reached skill level 10 in Fighting
  9117 | D:8      | Noticed Erica
  9154 | D:8      | Killed Erica
  9469 | D:9      | Noticed a two-headed ogre
  9483 | D:9      | Killed a two-headed ogre
  9992 | D:9      | Found Keulot's Antique Weapon Shoppe.
 10167 | D:9      | Noticed a two-headed ogre
 10190 | D:9      | Killed a two-headed ogre
 10525 | D:10     | Entered Level 10 of the Dungeon
 10525 | D:10     | Noticed a two-headed ogre
 10534 | D:10     | Killed a two-headed ogre
 10535 | D:10     | Reached skill level 14 in Axes
 10535 | D:10     | Reached skill level 10 in Armour
 10941 | D:10     | Noticed Gastronok
 10960 | D:10     | Killed Gastronok
 10961 | D:10     | Reached skill level 5 in Evocations
 11154 | D:10     | Found an ancient bone altar of Kikubaaqudgha.
 11168 | D:10     | Noticed a centaur warrior
 11179 | D:10     | Killed a centaur warrior
 11859 | D:10     | Reached XP level 12. HP: 101/108 MP: 11/11
 11880 | D:10     | Identified the +8 chain mail "Haasule" {rC+ MP+9 Int-3}
 12037 | D:10     | Noticed Sonja
 12083 | D:10     | Killed Sonja
 12084 | D:10     | Reached skill level 15 in Axes
 12399 | D:10     | Found a staircase to the Lair.
 12471 | D:10     | Found a hazy altar of Hepliaklqana.
 12471 | D:10     | Found a bloodstained altar of Trog.
 12691 | Lair:1   | Entered Level 1 of the Lair of Beasts
 12791 | Lair:1   | Noticed a five-headed hydra
 12799 | Lair:1   | Killed a five-headed hydra
 13276 | Lair:1   | Found the +4 skin of Zhor {*Englaciate rC+++ SInv}
 13299 | Lair:1   | Reached skill level 10 in Dodging
 14290 | Lair:2   | Found a staircase to the Shoals.
 14306 | Lair:2   | Noticed a seven-headed hydra
 14317 | Lair:2   | Killed a seven-headed hydra
 15357 | Lair:3   | Noticed a six-headed hydra
 15368 | Lair:3   | Killed a six-headed hydra
 15369 | Lair:3   | Reached skill level 16 in Axes
 15705 | Lair:3   | Found the +8 demon blade "Leech" {vamp, Harm Drain rN+}
 16442 | Lair:3   | Reached XP level 13. HP: 56/118 MP: 12/12
 17198 | Lair:3   | Found a staircase to the Snake Pit.
 17991 | Lair:4   | Found a dark tunnel.
 17998 | Volcano  | Entered a volcano
 18048 | Volcano  | HP: 4/118 [salamander (14)]
 18049 | Volcano  | Slain by a salamander

Illustrated notes

Levels and vault maps discovered:
D:1:      dpeg_arrival_fog, layout_loops_ring, st_stairs_8
D:2:      layout_loops_ring, serial_undead, serial_undead_e, serial_undead_b,
          serial_undead_a, serial_undead_b, serial_shops, shop,
          minmay_misc_feat_cross
D:3:      layout_rooms, serial_curves, eino_curves_03, eino_curves_02,
          serial_park_tiny_pond, grunt_ministairs_15
D:4:      minmay_recursive_quarters, layout_loops_ring, amcnicky_altar_gilded,
          minmay_temple_entry_enclosed_plants, gammafunk_ghost_split
D:5:      layout_loops_cross, nicolae_uskayaw_en_pointe, lightli_corner_chamber,
          uniq_grinder
D:6:      lemuel_slime, layout_loops_ring, serial_shops, shop,
          nicolae_shop_self_help, uniq_menkaure, uniq_prince_ribbit1
D:7:      layout_loops_ring, serial_shops, shop, minmay_misc_feat_hallway
D:8:      layout_loops_cross, uniq_erica, uniq_harold
D:9:      layout_basic, serial_shops, nicolae_stop_n_shop_2
D:10:     layout_long_grid, nicolae_overflow_hidden_temple,
          gammafunk_temple_overflow_statue, minmay_lair_entry_grove,
          grunt_decor_arrowhead, glass_columns_b, uniq_sonja, uniq_gastronok
Temple:   minmay_crystal_spiral_temple
Lair:1:   layout_chaotic_city, hellmonk_guarded_unrand_zhor, grunt_megastairs_2
Lair:2:   layout_cave_pods, shoals_dummy_entry, minmay_lindwurm_lava
Lair:3:   layout_cellular_growth, minmay_snake_entry_guardpost_medium,
          serial_forest, infiniplex_forest_lined_room_,
          infiniplex_forest_clump_long, infiniplex_forest_join,
          infiniplex_forest_zigzag_1, minmay_lair_oklob_items,
          dreamdust_deal_with_the_devil, lemuel_fruit_tree, lemuel_fruit_fields
Lair:4:   layout_regular_city, enter_volcano_2, lemuel_fruit_fields,
          infiniplex_staircase_pool
Volcano:  volcano_village

Skill      XL: |  1  2  3  4  5  6  7  8  9 10 11 12 |
---------------+-------------------------------------+-----
Axes           | 4 5 6 7 9 13 14 16 | 16.5
Fighting       | 4 5 6 7 9 10 12 | 12.2
Armour         | 3 4 5 6 9 10 11 | 11.8
Dodging        | 3 4 6 8 9 10 | 10.9
Evocations     | 3 5 6 |  6.9

Action                   |  1- 3 |  4- 6 |  7- 9 | 10-12 | 13-15 || total
-------------------------+-------+-------+-------+-------+-------++-------
Melee: Hand axe          |    56 |    79 |       |       |       ||   135
       Headbutt          |     9 |    18 |    55 |   114 |    19 ||   215
       War axe           |       |    25 |   253 |   414 |    80 ||   772
Throw: Stone             |    30 |       |       |     5 |       ||    35
       Dart              |    52 |    91 |    33 |    31 |       ||   207
Invok: Berserk           |       |     1 |     4 |     9 |       ||    14
       Trog's Hand       |       |     1 |     3 |     9 |     1 ||    14
       Brothers in Arms  |       |       |       |     1 |     1 ||     2
Evoke: Wand              |       |       |       |    28 |       ||    28
  Use: Scroll            |     1 |       |     5 |     7 |     1 ||    14
       Potion            |       |       |     3 |     6 |       ||     9
Armor: Animal skin       |     2 |       |       |       |       ||     2
       Scale mail        |     2 |    48 |    99 |    45 |       ||   194
       Chain mail        |       |       |       |   163 |    43 ||   206
Dodge: Dodged            |    31 |    52 |   111 |   246 |    34 ||   474

Table legend: (Time is in decaauts)
 A = Elapsed time spent in this place.
 B = Non-inter-level travel time spent in this place.
 C = Inter-level travel time spent in this place.
 D = Time resting spent in this place.
 E = Time spent auto-exploring this place.
 F = Levels seen in this place.
 G = Mean time per level.
                   A        B        C        D        E       F      G
               +--------+--------+--------+--------+--------+-----+--------+
         Total |  18117 |  17203 |    914 |   2499 |  11524 |  16 | 1132.3 |
       Dungeon |  12614 |  11908 |    706 |   1461 |   8074 |  10 | 1261.4 |
        Temple |    211 |    128 |     83 |      0 |    112 |   1 |  211.0 |
          Lair |   5242 |   5117 |    125 |   1038 |   3338 |   4 | 1310.5 |
       Volcano |     48 |     48 |      0 |      0 |      0 |   1 |   48.0 |
               +--------+--------+--------+--------+--------+-----+--------+

Top non-repeatable levels by time:
  Lair:2: 2046 daAuts
    D:10: 1970 daAuts
  Lair:3: 1853 daAuts
     D:4: 1565 daAuts
     D:8: 1406 daAuts
     D:5: 1296 daAuts
  Lair:1: 1293 daAuts
     D:1: 1272 daAuts
     D:9: 1238 daAuts
     D:6: 1015 daAuts
     D:2: 969 daAuts
     D:7: 942 daAuts
     D:3: 937 daAuts
  Temple: 211 daAuts
  Lair:4: 49 daAuts
